 Dungeon Crawl Stone Soup version 0.31-a0-876-gfe8ebadbca (webtiles) character file.

Game seed: 10272881397568277511

102 Newt the Shooter (level 5, -1/52 HPs)
             Began as a Kobold Hunter on Oct 13, 2023.
             Slain by a steam dragon (4 damage)
             ... on level 3 of the Dungeon.
             The game lasted 00:01:16 (1507 turns).

Newt the Shooter (Kobold Hunter)                    Turns: 1507, Time: 00:01:17

Health: -1/52      AC: 22    Str:  8    XL:     5   Next: 5%
Magic:  5/5        EV:  3    Int: 11    God:
Gold:   107        SH:  0    Dex: 20    Spells: 4/4 levels left

rFire   . . .        a - +0 shortbow
rCold   . . .        (shield currently unavailable)
rNeg    . . .        c - melded +0 leather armour
rPois   +            (helmet currently unavailable)
rElec   .            (cloak currently unavailable)
rCorr   .            (gloves currently unavailable)
SInv    .            (boots currently unavailable)
Will    .....        (no amulet)
Stlth   +++          (no ring)
HPRegen 0.28/turn    (no ring)
MPRegen 0.09/turn

%: no passive effects
@: brilliant, tree-form
A: stationary, stasis, torment immunity, boosted hp, small, no large weapons,
nightstalker 3
a: no special abilities


You were on level 3 of the Dungeon.
You were a tree.
You visited 1 branch of the dungeon, and saw 3 of its levels.

You collected 107 gold pieces.

Inventory:

Hand Weapons
 a - a +0 shortbow (weapon)
Armour
 c - a +0 leather armour (melded)
Jewellery
 l - a ring of protection from cold
Scrolls
 b - a scroll of butterflies
 e - a scroll of identify {unknown}
 g - a scroll of noise {unknown}
 j - 3 scrolls of enchant armour {unknown}
 m - a scroll of amnesia {unknown}
 n - a scroll of blinking {unknown}
 o - a scroll of teleportation {unknown}
Potions
 h - a potion of haste {unknown}
 i - a potion of invisibility {unknown}
 k - a potion of lignification


   Skills:
 - Level 5.0 Fighting
 + Level 5.7 Ranged Weapons
 - Level 2.4 Dodging
 - Level 1.3 Stealth


You had 4 spell levels left.
You didn't know any spells.
Your spell library was empty.

Dungeon Overview and Level Annotations

Branches:
Dungeon (3/15)

Altars:
Cheibriados


Innate Abilities, Weirdness & Mutations

You are a tree.
Your roots penetrate the ground, keeping you stationary.
You cannot be teleported.
You are immune to unholy pain and torment.
Your maximum health is greatly increased.
Your equipment is partially melded.
You are small and have problems with some larger weapons.
You are completely attuned to the shadows.


Message History

Training target 5.0 for Fighting reached!
Your Fighting skill increases to level 5!
You need to enable at least one skill for training.
You have reached level 5!
You feel clever.
Found a scroll labelled GIADEF HAIKAZE.
An endoplasm comes into view.
A steam dragon comes into view.
The steam dragon hisses angrily.
You shoot an arrow.
The arrow barely misses the steam dragon.
The endoplasm quivers.
The steam dragon breathes steam at you. The ball of steam hits you!!
Ouch! That really hurt!
The steam dragon attacks as it pursues you!
The steam dragon barely misses you. The steam dragon claws you.
The endoplasm barely misses you.
Unknown command.
You are too injured to fight recklessly!
You shoot an arrow.
The arrow closely misses the steam dragon.
The arrow hits the endoplasm!
You kill the endoplasm!
The steam dragon misses you. The steam dragon completely misses you.
The steam dragon bites you!
* * * LOW HITPOINT WARNING * * *
The steam dragon barely misses you.
It was a potion of brilliance.
You feel clever all of a sudden. The steam dragon bites you.
* * * LOW HITPOINT WARNING * * *
The steam dragon barely misses you.
It was a potion of lignification.
You turn into a tree.
Your +0 leather armour melds into your body.
Your roots penetrate the ground.
A dart slug comes into view.
The steam dragon bites you but does no damage.
The steam dragon claws you.
You die...

,,,,,,,*~,*,~*,,****,******,***
,,,,,,,*~,,,~*,*****,** *,,,,,*
**,**,,*~,,,~*,,,,,?..* *,,,,,*
,*,**,,*~,,,~*,****#.####...,,***
,,,***,***+***,* #.#.......,,,,
,*** *,*~,,,~*,* #.#........,,,
******,*8,©,8*,#####......._..,,,
,,,,,,,*******,#....w#........,,,
******,,,,©,,,,#♣#####........,,,
*******,*,,,***#D########.....***
,,,,* *,,,,** #......###.....* *
***,* *,**** #..#######.....* * *
*,* *,* #..# ####.#..##*** * *,*
*,* #..# ####...## *, ***,***,*
#..# ####<####***, **,,,**,* *,,*
####.####,,,, ,,,,,,,,* *,,*
####.####,***


You could see a steam dragon and a dart slug.

Vanquished Creatures
  An iron imp (D:3)
  2 adders (D:2)
  A worm (D:2)
  2 dart slugs (D:1)
  4 ball pythons
  2 bats
  9 endoplasms
  2 giant cockroaches
  3 goblins
  7 hobgoblins
  2 kobolds (D:1)
  3 quokkas
  3 frilled lizards
  5 rats
46 creatures vanquished.

Notes
Turn   | Place    | Note
-------+----------+-------------------------------------------
     0 | D:1      | Newt the Kobold Hunter began the quest for the Orb.
     0 | D:1      | Reached XP level 1. HP: 12/12 MP: 1/1
   132 | D:1      | Reached XP level 2. HP: 18/18 MP: 2/2
   353 | D:1      | Reached XP level 3. HP: 23/23 MP: 3/3
   360 | D:1      | Found a faded altar of an unknown god.
  1037 | D:2      | Reached XP level 4. HP: 30/30 MP: 4/4
  1052 | D:2      | Found a snail-covered altar of Cheibriados.
  1480 | D:3      | Found a snail-covered altar of Cheibriados.
  1490 | D:3      | Reached skill level 5 in Fighting
  1490 | D:3      | Reached XP level 5. HP: 35/35 MP: 5/5
  1500 | D:3      | Noticed a steam dragon
  1507 | D:3      | Slain by a steam dragon

Illustrated notes

Levels and vault maps discovered:
D:1:      psy_arrival_terrarium, layout_loops_ring, basic_ecumenical_altar
D:2:      layout_basic, basic_altar
D:3:      gammafunk_steamed_eel, layout_loops_ring,
          yredelemnul_forgotten_temple_becter, slow_altar_1,
          overflow_temple_1_default, mainiacjoe_overflow_catwalk_spiral,
          portal_sewer_entry_d

Skill      XL: |  1  2  3  4 |
---------------+-------------+-----
Fighting       | 3 4 5 |  5.0
Ranged Weapons | |  5.7
Dodging        | |  2.4
Stealth        | |  1.3

Action                     |  1- 3 |  4- 6 || total
---------------------------+-------+-------++-------
   Fire: Shortbow          |    72 |    46 ||   118
    Use: Scroll            |       |     1 ||     1
         Potion            |       |     2 ||     2
 Armour: Leather armour    |    19 |     8 ||    27
         Skin              |       |     2 ||     2
  Dodge: Dodged            |    40 |    17 ||    57

Table legend: (Time is in decaauts)
 A = Elapsed time spent in this place.
 B = Non-inter-level travel time spent in this place.
 C = Inter-level travel time spent in this place.
 D = Time resting spent in this place.
 E = Time spent auto-exploring this place.
 F = Levels seen in this place.
 G = Mean time per level.
                   A        B        C        D        E       F      G
               +--------+--------+--------+--------+--------+-----+--------+
         Total |   1529 |   1492 |     37 |    151 |   1111 |   3 |  509.7 |
       Dungeon |   1529 |   1492 |     37 |    151 |   1111 |   3 |  509.7 |
               +--------+--------+--------+--------+--------+-----+--------+

Top non-repeatable levels by time:
     D:1: 896 daAuts
     D:2: 597 daAuts
     D:3: 34 daAuts
